 Dungeon Crawl Stone Soup version 0.31-a0-246-g8cbcc1cb85 (webtiles) character file.

Game seed: 16006812573455503453

120 qw the Shooter (level 5, -6/30 HPs)
             Began as a Gargoyle Hexslinger on July 12, 2023.
             Mangled by Natasha (7 damage)
             ... on level 2 of the Dungeon.
             The game lasted 00:00:36 (1852 turns).

qw the Shooter (Gargoyle Hexslinger)                Turns: 1852, Time: 00:00:37

Health: -6/30      AC:  6    Str: 12    XL:     5   Next: 4%
Magic:  6/6        EV: 12    Int: 13    God:
Gold:   58         SH:  0    Dex: 14    Spells: 5/6 levels left

rFire   . . .        Y - +2 sling
rCold   . . .        (no shield)
rNeg    + . .        c - +0 robe
rPois   inf          (no helmet)
rElec   +            (no cloak)
rCorr   .            (no gloves)
SInv    .            (no boots)
Will    .....        (no amulet)
Stlth   +            (no ring)
HPRegen 0.25/turn    (no ring)
MPRegen 0.10/turn

%: no passive effects
@: no status effects
A: sickness immunity, AC +4, negative energy resistance 1, electricity
resistance, torment resistance 1, petrification resistance
a: no special abilities


You were on level 2 of the Dungeon.
You visited 1 branch of the dungeon, and saw 2 of its levels.

You collected 58 gold pieces.


Innate Abilities, Weirdness & Mutations

You are immune to sickness and miasma.
Your stone body is resilient. (AC +4)
You are immune to poison.
You resist negative energy. (rN+)
You are resistant to electric shocks. (rElec)
You are resistant to unholy torment.
You are immune to petrification.


   Skills:
 - Level 2.0 Fighting
 + Level 4.8 Ranged Weapons
 - Level 1.5 Dodging
 - Level 1.0 Spellcasting
 - Level 2.6 Hexes


You had 5 spell levels left.
You knew the following spells:

 Your Spells              Type           Power      Damage    Failure   Level
a - Slow                  Hex            28%        N/A       10%         1

Your spell library contained the following spells:

 Spells                   Type           Power      Damage    Failure   Level
 Inner Flame              Hex/Fire       4%         N/A       43%         3
 Portal Projectile        Hex/Tloc       8%         N/A       43%         3
 Cause Fear               Hex            3%         N/A       67%         4

Inventory:

Hand Weapons
 Y - a +2 sling (weapon)
Armour
 a - a +0 pair of boots
 b - a +1 helmet
 c - a +0 robe (worn)
Scrolls
 d - a scroll of enchant armour {unknown}
 g - a scroll of identify
Potions
 f - a potion of attraction {unknown}

Dungeon Overview and Level Annotations

Branches:
Dungeon (2/15)

Altars:

Annotations:
D:2 Natasha


Message History

The cerulean imp is heavily wounded.
Natasha extends her claws.
Natasha claws you but does no damage. The cerulean imp barely misses you.
You shoot a sling bullet. The sling bullet hits Natasha!
Natasha is almost dead.
Natasha misses you.
The cerulean imp hits you but does no damage.
You shoot a sling bullet.
The sling bullet closely misses Natasha.
The sling bullet barely misses the cerulean imp. x2
Natasha claws you. The cerulean imp barely misses you.
You shoot a sling bullet.
The sling bullet closely misses Natasha.
The sling bullet hits the cerulean imp.
The cerulean imp is severely wounded.
Natasha stares at you and mumbles some strange words.
The magic dart hits you! The cerulean imp completely misses you.
Natasha casts a spell at you. The magic dart hits you.
You shoot a sling bullet. The sling bullet misses Natasha.
The sling bullet hits the cerulean imp.
You kill the cerulean imp!
The cerulean imp disappears in a puff of smoke!
The cerulean imp closely misses you.
Natasha stares at you and mumbles some strange words.
You resist with some effort.
You shoot a sling bullet.
The sling bullet closely misses Natasha.
The sling bullet closely misses the cerulean imp.
The cerulean imp hits you from afar with a +1 spear.
Natasha completely misses you.
You shoot a sling bullet.
The sling bullet hits Natasha but does no damage.
Natasha is almost dead.
The cerulean imp barely misses you. Natasha claws you.
You shoot a sling bullet.
The sling bullet hits Natasha but does no damage.
Natasha is almost dead.
The cerulean imp closely misses you. Natasha claws you!
You die...

####.# #.#(.............#. #.#
#.#.####....####.#. #.# ##...#
####.# #.#. #.# ##..#########.#
#.#. #.# #..##.......#.# #.#.
#.########.###.#####.#.####.#. #
#..............###...#......#.
###########...#####..........###.
................@h5..............
...#######.########..........####
.........>.# ##...........#.
############ ######..########.#.
#..)......# #.#. #.........# #.#.
#.........# #.#. #.........# #.#.
#.........# #.##


You could see Natasha and a cerulean imp (summoned).

Vanquished Creatures
  Natasha (twice) (D:2)
  2 adders (D:2)
  2 worms (D:2)
  2 dart slugs (D:1)
  A ball python (D:2)
  2 endoplasms (D:1)
  2 giant cockroaches (D:1)
  6 goblins
  4 hobgoblins (D:1)
  4 jackals (D:2)
  2 quokkas (D:1)
  4 bats
  5 frilled lizards
  4 kobolds
42 creatures vanquished.

Notes
Turn   | Place    | Note
-------+----------+-------------------------------------------
     0 | D:1      | qw the Gargoyle Hexslinger began the quest for the Orb.
     0 | D:1      | Reached XP level 1. HP: 12/12 MP: 2/2
     0 | D:1      | 0 ||| qw: Version: 0.3-a-52-g30416fa
     0 | D:1      | 0 ||| qw: Game counter: 6514
     0 | D:1      | 0 ||| qw: Melee chars always use a shield: true
     0 | D:1      | 0 ||| qw: God list: Okawaru
     0 | D:1      | 0 ||| qw: Allow faded altars: false
     0 | D:1      | 0 ||| qw: Do Orc after clearing Dungeon:15 true
     0 | D:1      | 0 ||| qw: Do second Lair branch before Depths: true
     0 | D:1      | 0 ||| qw: Lair rune preference: random
     0 | D:1      | 0 ||| qw: Goals: Normal
     0 | D:1      | 0 ||| PLANNING D:1-11
   316 | D:1      | 316 ||| FLEEEEING.
   317 | D:1      | 317 ||| FLEEEEING.
   318 | D:1      | 318 ||| FLEEEEING.
   319 | D:1      | 319 ||| FLEEEEING.
   320 | D:1      | 320 ||| FLEEEEING.
   332 | D:1      | Reached XP level 2. HP: 16/16 MP: 3/3
   426 | D:1      | Reached skill level 3 in Ranged Weapons
   598 | D:1      | Reached XP level 3. HP: 21/21 MP: 4/4
  1026 | D:1      | 1026 ||| READING scroll labelled GUCWYC MED XEO.
  1027 | D:1      | 1027 ||| READING 2 scrolls labelled MAFUCR YNEHI.
  1028 | D:1      | 1028 ||| READING scroll labelled QULEABLOERY.
  1029 | D:1      | 1029 ||| DRINKING 2 lumpy puce potions.
  1030 | D:1      | 1030 ||| DROPPING scroll of poison.
  1031 | D:1      | 1031 ||| DROPPING potion of invisibility.
  1109 | D:2      | Identified the +1 rapier "Earthworm" {holy, Dex+3 SInv}
  1192 | D:2      | Noticed Natasha
  1200 | D:2      | HP: 5/21 [Natasha (4)]
  1201 | D:2      | Killed Natasha
  1202 | D:2      | Reached skill level 4 in Ranged Weapons
  1202 | D:2      | Reached XP level 4. HP: 7/26 MP: 5/5
  1297 | D:2      | Noticed Natasha
  1307 | D:2      | Killed Natasha
  1807 | D:2      | Reached XP level 5. HP: 28/30 MP: 6/6
  1838 | D:2      | Noticed Natasha
  1848 | D:2      | HP: 6/30 [Natasha/magic dart (6)]
  1850 | D:2      | HP: 2/30 [cerulean imp/+1 spear[Natasha] (5)]
  1852 | D:2      | Mangled by Natasha

Levels and vault maps discovered:
D:1:      dpeg_arrival_renting, layout_loops_corners
D:2:      layout_basic, nrook_loot_triangle, uniq_natasha

Skill      XL: |  1  2  3 |
---------------+----------+-----
Ranged Weapons | 3 4 |  4.8
Fighting       | 2 |  2.0
Dodging        | |  1.5
Spellcasting   | |  1.0
Hexes          | |  2.6

Action                     |  1- 3 |  4- 6 || total
---------------------------+-------+-------++-------
   Fire: Sling             |    95 |    52 ||   147
    Use: Scroll            |     3 |       ||     3
         Potion            |     1 |       ||     1
 Armour: Robe              |    12 |     9 ||    21
  Dodge: Dodged            |    25 |    27 ||    52

Table legend:
 A = Non-vault XP
 B = Vault XP
 C = Vault XP percentage of total XP
 D = Non-vault monster count
 E = Vault monster count
 F = Vault count percentage of total count
                 A         B        C        D         E       F
            +---------+---------+-------+---------+---------+-------
      Total |     137 |      35 |  20.3 |      41 |       1 |   2.4
            +---------+---------+-------+---------+---------+-------
        D:1 |      46 |       0 |   0.0 |      25 |       0 |   0.0
        D:2 |      91 |      35 |  27.8 |      16 |       1 |   5.9
            +---------+---------+-------+---------+---------+-------
